 Dungeon Crawl Stone Soup version 0.17-a0-546-g92f1a90 (webtiles) character file.

124 Sixotanaka the Grave Robber (level 4, -2/30 HPs)
             Began as a Vampire Necromancer on Apr 12, 2015.
             Slain by a wight
             ... wielding a +3 dagger
              (6 damage)
             ... on level 2 of the Dungeon on Apr 13, 2015.
             The game lasted 00:11:44 (4025 turns).

Sixotanaka the Grave Robber (Vampire Necromancer)   Turns: 4025, Time: 00:11:44

Health: -2/30      AC:  3    Str:  7    XL:     4   Next: 81%
Magic:  7/7        EV: 13    Int: 18    God:
Gold:   148        SH:  0    Dex: 14    Spells: 3 memorised, 1 level left

rFire  . . .     SeeInvis +     i - +0 dagger
rCold  + . .     Clarity  .     a - +0 robe
rNeg   + + .     SustAb   .     (no shield)
rPois  +         Gourm    .     (no helmet)
rElec  .         Spirit   .     (no cloak)
rCorr  .         Warding  .     (no gloves)
rMut   .         Stasis   .     d - +0 pair of boots
MR     .....                    (no amulet)
Stlth  +++.......               (no ring)
                                (no ring)

@: regenerating slowly, not resistant to hostile enchantments, fairly stealthy
A: fangs 3, see invisible, unbreathing
a: Bat Form


You were on level 2 of the Dungeon.
You were thirsty.

You visited 1 branch of the dungeon, and saw 4 of its levels.

You collected 148 gold pieces.


Innate Abilities, Weirdness & Mutations

You heal slowly.
You have razor-sharp teeth.
You have supernaturally acute eyesight.
You can survive without breathing.


   Skills:
 - Level 2.4 Dodging
 + Level 5.0 Stealth
 - Level 2.0 Spellcasting
 * Level 6.0 Necromancy


You had one spell level left.
You knew the following spells:

 Your Spells              Type           Power        Failure   Level  Hunger
y - Animate Skeleton      Necr           N/A          1%          1    #......
z - Pain                  Necr           ###.         1%          1    #......
X - Animate Dead          Necr           N/A          17%         4    #####..


Dungeon Overview and Level Annotations

Branches:
Dungeon (4/15)
 Temple: D:4-7

Altars:

Inventory:

Hand weapons
 i - a +0 dagger (weapon)
Missiles
 p - 85 stones (quivered)
Armour
 a - a +0 robe (worn)
 d - a +0 pair of boots (worn)
Jewellery
 f - an uncursed amulet of guardian spirit
Scrolls
 e - a scroll of amnesia {unknown}
 g - 2 scrolls of remove curse {@r2}
 h - 3 scrolls of teleportation {@r4}
 l - a scroll of random uselessness {unknown}
 n - a scroll of recharging {unknown}
Potions
 c - 3 potions of blood
 j - a potion of restore abilities {unknown}
 k - a potion of haste {@q3}
 m - a potion of curing {unknown}
 o - 2 potions of ambrosia {!q}
 q - 3 potions of heal wounds {@q2}
 r - a potion of might {unknown}
 s - a potion of degeneration {unknown}
Books
 b - a book of Necromancy

#########..##.#
.....####.....#########
####....#..##.........#
.....<................#
#######...###.........#
## ##..###....>....# .#
##......(.)....# .#
#.###..zz.....# .# #.#
#...@.....# .# #.#
#...<.....# .##### #.#
#.........# .....####.#
########### ####......#
#####..# ##.# #.# ###


You could see 2 wights.


Message History

Found 19 arrows.
An adder and a wight come into view.
An adder and an orc wizard come into view.
The orc wizard gestures wildly while chanting.
The orc wizard seems to speed up.
The orc wizard points at you and mumbles some strange words.
The puff of frost hits you!
Casting: Animate Skeleton
Aiming: Pain
Aim: an orc wizard, wielding a dagger and wearing a robe (fast, chance 81%)
The orc wizard convulses in agony!
Casting: Pain
Aiming: Pain
Aim: an orc wizard, wielding a dagger and wearing a robe (lightly wounded, fast, chance 81%)
The orc wizard convulses in agony!
You are feeling thirsty.
The orc wizard becomes somewhat translucent.
The orc wizard closely misses you.
Casting: Pain
Aiming: Pain
Aim: an orc wizard, wielding a dagger and wearing a robe (heavily wounded, fast, chance 81%)
The orc wizard convulses in agony!
You kill the orc wizard!
Your Stealth skill increases to level 5!
Your Necromancy skill increases to level 6!
Casting: Pain
Aiming: Pain
Aim: an orc (chance 92%)
The orc convulses in agony!
You kill the orc!
Things that are here:
a dagger; a robe Drink which item? (? for menu, Esc to quit)
Okay, then.
You see here an orc corpse.
You bottle the corpse's blood.
c - 3 potions of blood (gained 1)
An orc comes into view. It is wielding a whip.
An orc comes into view. It is wielding an enchanted flail.
The wight closely misses you. The wight barely misses you.
You see here a club.
The wight hits you with an enchanted mace.
* * * LOW HITPOINT WARNING * * *
There is a stone staircase leading up here.
There is a stone staircase leading up here.
There is a stone staircase leading up here.
There is a stone staircase leading up here.
There is a stone staircase leading up here.
There is a stone staircase leading up here.
There is a stone staircase leading up here.
There is a stone staircase leading up here.
There is a stone staircase leading up here.
The wight hits you but does no damage.
You climb upwards.
There is a stone staircase leading down here.
The wight hits you with an enchanted mace!
* * * LOW HITPOINT WARNING * * *
You see here 19 sling bullets.
The wight hits you with an enchanted dagger.
* * * LOW HITPOINT WARNING * * *
The wight barely misses you.
You hit the wight. The wight hits you but does no damage.
The wight barely misses you.
Unknown command.
You hit the wight. You bite the wight.
The wight hits you with an enchanted mace.
* * * LOW HITPOINT WARNING * * *
The wight hits you with an enchanted dagger.
You die...

Action                   |  1- 3 |  4- 6 || total
-------------------------+-------+-------++-------
Melee: Dagger            |       |    19 ||    19
Throw: Stone             |       |     1 ||     1
 Cast: Pain              |    60 |    32 ||    92
       Animate Skeleton  |     7 |     4 ||    11
       Animate Dead      |       |     3 ||     3
  Use: Scroll            |     1 |     5 ||     6
       Potion            |     1 |     4 ||     5
 Stab: Sleeping          |       |     1 ||     1

Vault maps used:
D:1:      dpeg_arrival_more_subterranean_lakeside_camping
D:4:      serial_bayou_pond_b

Notes
Turn   | Place    | Note
--------------------------------------------------------------
     0 | D:1      | Sixotanaka, the Vampire Necromancer, began the quest for the Orb.
     0 | D:1      | Reached XP level 1. HP: 13/13 MP: 3/3
   567 | D:1      | Learned a level 1 spell: Animate Skeleton
   691 | D:1      | Reached XP level 2. HP: 19/19 MP: 3/5
  1453 | D:2      | Reached skill level 5 in Necromancy
  1453 | D:2      | Reached XP level 3. HP: 20/24 MP: 1/6
  1499 | D:2      | Reached skill level 4 in Stealth
  2228 | D:3      | Reached XP level 4. HP: 28/30 MP: 4/7
  2298 | D:3      | Learned a level 4 spell: Animate Dead
  2518 | D:4      | Noticed a phantom
  2625 | D:4      | HP: 2/30 [orc priest/nerve-wracking pain (8)]
  3136 | D:2      | Upgraded the game from 0.17-a0-540-g62bfd06 to 0.17-a0-546-g92f1a90
  3913 | D:3      | Reached skill level 5 in Stealth
  3913 | D:3      | Reached skill level 6 in Necromancy
  3994 | D:2      | HP: 7/30 [wight/enchanted mace (7)]
  4017 | D:2      | HP: 5/30 [wight/enchanted dagger (3)]
  4025 | D:2      | HP: 4/30 [wight/enchanted mace (1)]
  4025 | D:2      | Slain by a wight

Vanquished Creatures
  An orc wizard (D:3)
  3 adders (D:2)
  2 worms
  3 giant geckos
  2 orcs (D:3)
  3 bats
  4 giant cockroaches (D:1)
  8 hobgoblins
  6 kobolds
  A giant newt (D:1)
  9 goblins
  2 quokkas (D:2)
  6 rats
50 creatures vanquished.

Vanquished Creatures (collateral kills)
  A worm (D:2)
  A giant cockroach (D:2)
  A kobold (D:2)
  A rat (D:1)
4 creatures vanquished.

Vanquished Creatures (others)
  2 adder skeletons (D:2)
  A giant gecko skeleton (D:3)
  A goblin skeleton (D:2)
  A hobgoblin zombie (D:3)
  A kobold zombie (D:2)
  An orc zombie (D:3)
  A quokka skeleton (D:2)
  2 rat skeletons
10 creatures vanquished.

Grand Total: 64 creatures vanquished
